 Dungeon Crawl Stone Soup version 0.30-a0-475-g03497ec522 (console) character file.

Game seed: 14628403294710072004

6620 jejorda2 the Impaler (level 11, -5/121 HPs)
             Began as a Merfolk Berserker on Dec 21, 2022.
             Was a Priest of Trog.
             Slain by a troll (9 damage)
             ... on level 9 of the Dungeon.
             The game lasted 00:20:35 (8844 turns).

jejorda2 the Impaler (Merfolk Berserker)            Turns: 8844, Time: 00:20:36

Health: -5/121     AC: 10    Str: 18    XL:     11   Next: 2%
Magic:  11/11      EV: 16    Int:  7    God:    Trog [***...]
Gold:   446        SH:  5    Dex: 17    Spells: 10/10 levels left

rFire   . . .      SeeInvis +    a - +0 halberd
rCold   . . .      Faith    .    (shield currently unavailable)
rNeg    . . .      Spirit   .    i - +0 steam dragon scales
rPois   .          Reflect  +    C - +1 helmet {SInv}
rElec   .          Harm     .    (no cloak)
rCorr   .          Rampage  .    m - +0 pair of gloves
Will    .....                    e - +0 pair of boots
Stlth   ..........               u - amulet of reflection
HPRegen 0.40/turn                (no ring)
MPRegen 0.12/turn                (no ring)

@: berserking, very quick
A: (nimble swimmer 2), mertail
a: Renounce Religion, Berserk, Trog's Hand


You were on level 9 of the Dungeon.
You worshipped Trog.
Trog was most pleased with you.
You visited 1 branch of the dungeon, and saw 9 of its levels.

You collected 578 gold pieces.
You spent 132 gold pieces at shops.

Inventory:

Hand Weapons
 a - a +0 halberd (weapon)
 b - a +1 trident of freezing
Missiles
 k - 8 atropa-tipped darts
 q - 24 poisoned darts
 x - 6 boomerangs
 B - 88 stones (quivered)
 E - 2 throwing nets
Armour
 e - a +0 pair of boots (worn)
 i - +0 steam dragon scales (worn)
 m - a +0 pair of gloves (worn)
 C - a +1 helmet of see invisible (worn)
Jewellery
 u - an amulet of reflection (around neck)
 z - a ring of fire
Wands
 c - a wand of roots (11)
 g - a wand of quicksilver (9)
 w - a wand of polymorph (10)
 A - a wand of charming (20)
Scrolls
 d - a scroll of enchant weapon
 h - 2 scrolls of amnesia {unknown}
 j - a scroll of poison
 l - 2 scrolls of fear {unknown}
 o - 2 scrolls of immolation
 y - a scroll of brand weapon
 F - a scroll of fog {unknown}
Potions
 f - 3 potions of attraction
 n - a potion of might
 p - 3 potions of flight
 r - a potion of lignification {unknown}
 s - a potion of ambrosia
 t - a potion of degeneration {unknown}
 v - 2 potions of curing
 D - 4 potions of haste


   Skills:
 - Level 6.0 Fighting
 + Level 17.1 Polearms
 * Level 4.6 Armour
 - Level 7.0 Dodging
 + Level 3.8 Evocations


You had 10 spell levels left.
You didn't know any spells.
Your spell library was empty.

Dungeon Overview and Level Annotations

Branches:
Dungeon (9/15)             Temple (0/1) D:7             Orc (0/2) D:9
   Lair: D:8-11

Altars:
Cheibriados
Dithmenos
Fedhas
Hepliaklqana
Nemelex Xobeh
Trog
Uskayaw
Vehumet
Yredelemnul
Zin
The Shining One

Shops:
D:4 (

Annotations:
D:6 3 runed translucent doors, p00ps00p's ghost, novice HOFi


Innate Abilities, Weirdness & Mutations

((You are very nimble when in or above water. (Stealth+, EV+, Speed+++)))
Your lower body shifts to a powerful aquatic tail in water.


Message History

The troll is almost dead.
You barely miss the troll.
The troll is almost dead.
The troll barely misses you. The troll claws you but does no damage.
The troll claws you!
You barely miss the troll.
The troll is almost dead.
You block the troll's attack. The troll barely misses you.
You block the troll's attack.
You hit the troll but do no damage.
The troll is almost dead.
The troll bites you but does no damage. The troll claws you but does no damage.
The troll barely misses you.
You barely miss the troll.
The troll is almost dead.
You closely miss the troll.
The troll is almost dead.
The troll bites you! The troll misses you. The troll claws you!
You are too injured to fight recklessly!
You are too injured to fight recklessly!
You are too injured to fight recklessly!
You are too injured to fight recklessly!
You are too injured to fight recklessly!
You are too injured to fight recklessly!
You hit the troll.
The troll is almost dead.
The troll bites you! The troll claws you!
* * * LOW HITPOINT WARNING * * *
The troll claws you.
* * * LOW HITPOINT WARNING * * *
You hit the troll.
The troll is almost dead.
You hit the troll but do no damage.
The troll is almost dead.
The troll closely misses you. The troll barely misses you. The troll claws you!
* * * LOW HITPOINT WARNING * * *
A red film seems to cover your vision as you go berserk!
You feel yourself moving faster!
You feel mighty! The troll misses you. The troll closely misses you.
The troll claws you!
You die...

. ###############. #
................ +.
................. #..
........<........
##..######.########....##
.........T...............
........@................
#########...............####
...................†....#
...............>...†....#
........................#
#######'#...............####
............................
............................
#...........................


You could see a troll.

Vanquished Creatures
  Erica (D:8)
  The ghost of p00ps00p the Cleaver, a novice HOFi of Gozag (D:7)
  Joseph (D:8)
  2 trolls (D:7)
  2 hornets
  3 yaks
  A steam dragon (D:8)
  A warg (D:9)
  The ghost of Coaxmetal the Magician, an amateur DEHW (D:3)
  A water moccasin (D:7)
  2 orc warriors
  2 black bears
  3 ice beasts
  An ogre (D:5)
  2 centaurs
  A phantom (D:6)
  4 kobold brigands
  A bullfrog (D:8)
  2 necrophages
  3 scorpions
  15 wights
  5 killer bees (D:8)
  2 howler monkeys (D:8)
  2 jellies
  A gnoll bouda (D:7)
  4 hounds
  2 orc priests
  Terence (D:2)
  4 iguanas
  6 orc wizards
  8 adders
  A shadow imp (D:7)
  2 white imps (D:7)
  An ufetubus (D:7)
  A worm (D:3)
  8 dart slugs
  10 orcs
  3 bats
  5 endoplasms
  4 giant cockroaches
  7 goblins
  4 hobgoblins
  17 kobolds
  4 quokkas
  7 ball pythons
  2 frilled lizards
  4 rats
165 creatures vanquished.

Notes
Turn   | Place    | Note
-------+----------+-------------------------------------------
     0 | D:1      | jejorda2 the Merfolk Berserker began the quest for the Orb.
     0 | D:1      | Reached XP level 1. HP: 18/18 MP: 1/1
   133 | D:1      | Reached XP level 2. HP: 24/24 MP: 2/2
   668 | D:1      | Reached XP level 3. HP: 29/29 MP: 3/3
   786 | D:2      | Reached ** piety under Trog
  1082 | D:2      | Reached skill level 5 in Polearms
  1114 | D:2      | Noticed Terence
  1130 | D:2      | Killed Terence
  1131 | D:2      | Reached XP level 4. HP: 37/37 MP: 4/4
  2183 | D:3      | Found a runed translucent door.
  2187 | D:3      | Noticed Coaxmetal's ghost (amateur DEHW)
  2454 | D:3      | Reached XP level 5. HP: 42/42 MP: 5/5
  2458 | D:3      | Killed Coaxmetal's ghost
  2459 | D:3      | Reached skill level 6 in Polearms
  2459 | D:3      | Reached XP level 6. HP: 49/49 MP: 6/6
  2508 | D:4      | Found a shadowy altar of Dithmenos.
  2536 | D:4      | Found a blossoming altar of Fedhas.
  2602 | D:4      | Found a hide-covered altar of Uskayaw.
  2697 | D:4      | Reached skill level 7 in Polearms
  2777 | D:4      | Found a basalt altar of Yredelemnul.
  2847 | D:4      | Found a hazy altar of Hepliaklqana.
  2912 | D:4      | Found Josous's Antique Weapon Shop.
  2915 | D:4      | Bought a glowing spear for 132 gold pieces
  3193 | D:5      | Entered Level 5 of the Dungeon
  3248 | D:5      | Reached skill level 5 in Dodging
  3307 | D:5      | Reached skill level 5 in Fighting
  3326 | D:5      | Noticed an ice beast
  3344 | D:5      | Killed an ice beast
  3345 | D:5      | Reached skill level 8 in Polearms
  3345 | D:5      | Reached XP level 7. HP: 56/56 MP: 7/7
  3908 | D:5      | Found a radiant altar of Vehumet.
  3990 | D:5      | Reached skill level 9 in Polearms
  4427 | D:6      | Reached XP level 8. HP: 64/64 MP: 8/8
  4489 | D:6      | Reached skill level 10 in Polearms
  4672 | D:6      | Reached *** piety under Trog
  4764 | D:6      | Found a runed translucent gate.
  4765 | D:6      | Found a runed translucent gate.
  4765 | D:6      | Found a runed translucent gate.
  4768 | D:6      | Noticed p00ps00p's ghost (novice HOFi)
  4834 | D:6      | Reached skill level 11 in Polearms
  4981 | D:6      | Found a bloodstained altar of Trog.
  4994 | D:6      | Found a sparkling altar of Nemelex Xobeh.
  5152 | D:6      | Reached skill level 12 in Polearms
  5152 | D:6      | Reached XP level 9. HP: 66/69 MP: 9/9
  5434 | D:6      | Reached skill level 13 in Polearms
  5655 | D:7      | Noticed a troll
  5657 | D:7      | Noticed p00ps00p's ghost (novice HOFi)
  5658 | D:7      | Noticed a troll
  5669 | D:7      | Found a runed translucent gate.
  5669 | D:7      | Found a runed translucent gate.
  5669 | D:7      | Found a runed translucent gate.
  5939 | D:7      | Found a staircase to the Ecumenical Temple.
  6325 | D:7      | Reached skill level 14 in Polearms
  6634 | D:7      | Killed a troll
  6651 | D:7      | Killed a troll
  6652 | D:7      | Reached skill level 15 in Polearms
  6800 | D:7      | Killed p00ps00p's ghost
  6801 | D:7      | Reached skill level 16 in Polearms
  6801 | D:7      | Reached XP level 10. HP: 76/76 MP: 10/10
  7041 | D:8      | Reached **** piety under Trog
  7055 | D:8      | Reached skill level 1 in Evocations
  7243 | D:8      | Noticed Erica
  7259 | D:8      | Killed Erica
  7463 | D:8      | Noticed Joseph
  7549 | D:8      | Killed Joseph
  8008 | D:8      | Found a snail-covered altar of Cheibriados.
  8008 | D:8      | Found a glowing silver altar of Zin.
  8013 | D:8      | Found a glowing golden altar of the Shining One.
  8378 | D:9      | Found a staircase to the Orcish Mines.
  8394 | D:9      | Reached skill level 17 in Polearms
  8646 | D:9      | Reached XP level 11. HP: 81/81 MP: 11/11
  8843 | D:9      | HP: 2/81 [troll (11)]
  8844 | D:9      | Slain by a troll

Illustrated notes

Levels and vault maps discovered:
D:1:      lightli_arrival_maybe_door_vault, layout_loops_ring
D:2:      layout_loops_corners, serial_forest, infiniplex_forest_clump_tiny,
          infiniplex_forest_straight_3, infiniplex_forest_fountain,
          infiniplex_forest_lined_room_, infiniplex_forest_straight_1,
          infiniplex_forest_straight_1, uniq_terence
D:3:      layout_basic, ebering_ghost_inner_flame
D:4:      layout_loops_ring, mainiacjoe_overflow_boulevard,
          mainiacjoe_overflow_catwalk_spiral, lemuel_round_altar,
          nicolae_uskayaw_suspiria, serial_shops, nicolae_shop_behind_doors
D:5:      layout_loops_corners, kennysheep_little_box
D:6:      layout_loops_cross, mainiacjoe_overflow_small_starburst,
          lightli_temple_of_fire, ebering_ghost_rock_garden
D:7:      layout_loops_corners, minmay_temple_entry_hall, gammafunk_ghost_split
D:8:      layout_basic, grunt_temple_overflow_open, uniq_erica, uniq_joseph
D:9:      layout_grid_maze, nicolae_qazlal_general_emergency, lair_entry_dummy,
          david_orc_3, minmay_ruined_shrine

Skill      XL: |  1  2  3  4  5  6  7  8  9 10 |
---------------+-------------------------------+-----
Dodging        | 3 4 5 6 7 |  7.0
Polearms       | 5 6 8 9 12 16 17 | 17.1
Fighting       | 4 5 6 |  6.0
Armour         | 4 |  4.6
Evocations     | 3 |  3.8

Action                   |  1- 3 |  4- 6 |  7- 9 | 10-12 || total
-------------------------+-------+-------+-------+-------++-------
Melee: Spear             |    88 |   176 |    69 |       ||   333
       Punch             |       |     3 |       |       ||     3
       Trident           |       |       |   225 |   126 ||   351
       Halberd           |       |       |       |    55 ||    55
Throw: Stone             |     3 |     2 |     7 |    13 ||    25
Invok: Berserk           |     1 |     2 |     6 |     8 ||    17
       Trog's Hand       |       |     2 |     1 |     3 ||     6
Evoke: Wand              |       |       |       |     1 ||     1
  Use: Scroll            |       |       |    15 |     1 ||    16
 Stab: Sleeping          |     2 |       |       |       ||     2
Armor: Animal skin       |     2 |       |       |       ||     2
       Ring mail         |    13 |       |       |       ||    13
       Chain mail        |       |    47 |    38 |       ||    85
       Plate armour      |       |       |     3 |       ||     3
       Scale mail        |       |       |    25 |     1 ||    26
       Steam dragon scal |       |       |       |    22 ||    22
Dodge: Dodged            |    26 |    21 |    51 |    62 ||   160
Block: Kite shield       |       |    20 |       |       ||    20
       Buckler           |       |     9 |    54 |    22 ||    85
       Reflection        |       |     1 |     2 |       ||     3
       Other             |       |       |       |     8 ||     8

Table legend: (Time is in decaauts)
 A = Elapsed time spent in this place.
 B = Non-inter-level travel time spent in this place.
 C = Inter-level travel time spent in this place.
 D = Time resting spent in this place.
 E = Time spent auto-exploring this place.
 F = Levels seen in this place.
 G = Mean time per level.
                   A        B        C        D        E       F      G
               +--------+--------+--------+--------+--------+-----+--------+
         Total |   8810 |   8250 |    560 |    630 |   6119 |   9 |  978.9 |
       Dungeon |   8810 |   8250 |    560 |    630 |   6119 |   9 |  978.9 |
               +--------+--------+--------+--------+--------+-----+--------+

Top non-repeatable levels by time:
     D:8: 1392 daAuts
     D:7: 1333 daAuts
     D:5: 1313 daAuts
     D:6: 1085 daAuts
     D:2: 909 daAuts
     D:3: 818 daAuts
     D:1: 776 daAuts
     D:4: 682 daAuts
     D:9: 498 daAuts
